 Dungeon Crawl Stone Soup version 0.31-a0-1068-g5939ac1fb6 (webtiles) character file.

Game seed: 2245620121660610240

26838 BritishOli the Fighter (level 13, -1/114 HPs)
             Began as a Demonspawn Fighter on Nov 24, 2023.
             Was a High Priest of Makhleb.
             Killed from afar by a smoke demon (illusionary) (23 damage)
             ... with a ball of steam
             ... on level 1 of the Abyss on Nov 25, 2023.
             The game lasted 00:29:54 (12317 turns).

BritishOli the Fighter (Demonspawn Fighter)        Turns: 12317, Time: 00:29:54

Health: -1/114     AC: 19    Str: 20      XL:     13   Next: 1%
Magic:  13/13      EV: 16    Int: 10      God:    Makhleb [*****.]
Gold:   470        SH:  6    Dex: 23 (24) Spells: 12/12 levels left

rFire   . . .        v - +2 broad axe (drain)
rCold   + + .        c - +0 buckler
rNeg    + . .        j - +0 chain mail of Creativity {rN+ Dex+6}
rPois   +            l - +0 helmet
rElec   +            J - +0 cloak of Dishonour {-Cast *Slow rElec rC+++}
rCorr   .            t - +0 pair of gloves of Inliyh {rF+ Dex+4}
SInv    .            (no boots)
Will    .....        D - amulet of regeneration Stlth
                     A - ring of poison resistance
HPRegen 1.19/turn    y - +5 ring of evasion
MPRegen 0.13/turn

%: no spellcasting, random rage (9%), slow self (1%)
@: about to teleport, on berserk cooldown, hasted and slowed
A: claws 2, yellow scales 2, powered by death 1, heat vulnerability 1, [berserk
2], [deterioration 2], ([teleportitis 1]), [cold vulnerability 1]
a: Renounce Religion, Minor Destruction, Lesser Servant of Makhleb, Major
Destruction, Greater Servant of Makhleb


You were on level 1 of the Abyss.
You worshipped Makhleb.
Makhleb was extremely pleased with you.
You visited 2 branches of the dungeon, and saw 15 of its levels.
You visited the Abyss 1 time.

You collected 862 gold pieces.
You spent 392 gold pieces at shops.

Inventory:

Hand Weapons
 v - a +2 broad axe of draining (weapon)
Missiles
 b - 6 javelins (quivered)
Armour
 c - a +0 buckler (worn)
 j - the +0 chain mail of Creativity (worn) {rN+ Dex+6}
   (You found it on level 8 of the Dungeon)

   Dex+6:     It affects your dexterity (+6).
   rN+:       It protects you from negative energy.
 l - a +0 helmet (worn)
 t - the +0 pair of gloves of Inliyh (worn) {rF+ Dex+4}
   (You found it on level 3 of the Dungeon)

   Dex+4:     It affects your dexterity (+4).
   rF+:       It protects you from fire.
 E - the +1 ring mail of the Equinox {Str+4}
   (You found it on level 7 of the Dungeon)

   Str+4:     It affects your strength (+4).
 J - the +0 cloak of Dishonour (worn) {-Cast *Slow rElec rC+++}
   (You found it on level 2 of the Lair of Beasts)

   rC+++:     It renders you almost immune to cold.
   rElec:     It insulates you from electricity.
   -Cast:     It prevents spellcasting.
   *Slow:     It may slow you when you take damage.
Jewellery
 y - a +5 ring of evasion (right hand)
 A - a ring of poison resistance (left hand)
 D - an amulet of regeneration (around neck)
 G - a +6 ring of dexterity
 H - an amulet of the acrobat
 K - a ring of resist corrosion
Wands
 k - a wand of flame (10)
 x - a wand of digging (5)
 B - a wand of iceblast (6)
 F - a wand of light (5)
 I - a wand of charming (13)
Scrolls
 a - 2 scrolls of identify
 f - a scroll of enchant weapon
 i - 2 scrolls of revelation
 n - a scroll of silence
 p - a scroll of blinking {unknown}
 w - a scroll of immolation {unknown}
 C - 4 scrolls of fog
 L - 2 scrolls of vulnerability
 M - a scroll of amnesia
 N - 3 scrolls of fear {unknown}
Potions
 d - 2 potions of might
 e - a potion of attraction {unknown}
 g - 4 potions of enlightenment {unknown}
 h - 3 potions of lignification
 m - a potion of magic
 o - 2 potions of mutation
 q - 2 potions of haste
 r - a potion of brilliance {unknown}
 s - 3 potions of curing
 z - 2 potions of berserk rage {unknown}
 O - a potion of heal wounds {unknown}


   Skills:
 * Level 14.5 Fighting
 * Level 10.8 Axes
 * Level 11.0 Armour
 + Level 4.2 Dodging
 - Level 3.0 Shields


You had 12 spell levels left.
You didn't know any spells.
Your spell library contained the following spells:

 Spells                   Type           Power      Damage    Failure   Level
 Foxfire                  Conj/Fire      0%         2x1d4     94%         1
 Sandblast                Erth           0%         2d4       94%         1
 Slow                     Hex            0%         N/A       94%         1
 Passwall                 Tmut/Erth      0%         N/A       98%         2
 Dazzling Flash           Conj/Hex       0%         N/A       100%        3
 Ozocubu's Armour         Ice            0%         N/A       100%        3
 Volatile Blastmotes      Fire/Tloc      0%         2d10      100%        3
 Animate Dead             Necr           0%         N/A       100%        4
 Cause Fear               Hex            0%         N/A       100%        4
 Dispel Undead            Necr           0%         3d6       100%        4
 Borgnjor's Vile Clutch   Necr/Erth      0%         N/A       100%        5
 Yara's Violent Unravell  Hex/Tmut       0%         3d3       100%        5
 Simulacrum               Ice/Necr       0%         N/A       100%        6
 Starburst                Conj/Fire      0%         6d3       100%        6
 Maxwell's Capacitive Co  Air            0%         ∞         100%        8


Dungeon Overview and Level Annotations

Branches:
Dungeon (12/15)            Temple (0/1) D:4            Lair (3/5) D:9
  Swamp (0/4) Lair:2       Spider (0/4) Lair:3          Orc (0/2) D:9

Altars:
Cheibriados
Gozag
Kikubaaqudgha
Makhleb
Nemelex Xobeh
Qazlal
Sif Muna
Trog
Uskayaw
Wu Jian

Shops:
D:9 (   D:12 *

Annotations:
D:10 1 transporter
D:12 Erolcha
Lair:3 1 runed translucent door, Tyvach's ghost, journeyman FoFi


Innate Abilities, Weirdness & Mutations

You have very sharp fingernails.
You are mostly covered in yellow scales. (AC +3)
You regenerate a little health from kills.
You are vulnerable to heat. (rF-)
[You have an uncontrollable temper.]
[Your body often deteriorates upon taking damage.]
[((You are occasionally teleported next to monsters.))]
[You are vulnerable to cold. (rC-)]


Message History

The ball of steam hits the smoke demon.
The smoke demon resists.
The ball of steam hits you!!
* * * LOW HITPOINT WARNING * * *
The smoke demon hits you.
* * * LOW HITPOINT WARNING * * *
The smoke demon hits you.
* * * LOW HITPOINT WARNING * * *
You block the smoke demon's attack.
You are engulfed in a cloud of scalding steam.
You are covered in liquid flames!
* * * LOW HITPOINT WARNING * * *
You are too berserk!
You feel your anger nearly subside.
You are covered in liquid flames!
* * * LOW HITPOINT WARNING * * *
You are covered in liquid flames!
* * * LOW HITPOINT WARNING * * *
You are no longer berserk.
You are exhausted.
You feel yourself slow down.
You are no longer on fire.
It was a potion of haste.
You feel yourself speed up.
The will-o-the-wisp gestures.
The will-o-the-wisp conjures some marshlight!
A foxfire comes into view.
As you read the scroll of fog, it dissolves into smoke.
As you read the scroll of teleportation, it crumbles to dust.
You feel strangely unstable.
You feel the power of the Abyss delaying your translocation!
The will-o-the-wisp gestures.
The will-o-the-wisp conjures some marshlight! 2 foxfires come into view.
You slash the will-o-the-wisp!
You destroy the will-o-the-wisp!
Makhleb accepts your kill.
You have reached level 13!
The smoke demon gestures at you.
The ball of steam hits the smoke demon.
The smoke demon resists.
The ball of steam hits you!!
You die...

# # ...#... .
#..#.. #..#
#.....# ###...#
#...#.###.§ ..#
#..##§3R33..#
#.#.§3§§#.R.#
#.§3#3#...#...
. #@###§ #..#
##..
###§#§§§#..# .
.#§§§###....
.#..§§§§.#....#
#..##§§.### ##
#.#..##.#.#
###..#.. .#
....## ... ##
.# ## # ###


You could see a smoke demon.

Vanquished Creatures
  A hydra (Lair:3)
  A centaur warrior (D:10)
  A catoblepas (Lair:2)
  A boulder beetle (D:12)
  A two-headed ogre (D:10)
  A large abomination (Abyss:1)
  2 ugly things (D:12)
  A manticore (D:11)
  A cyclops (D:11)
  A wolf spider (Lair:3)
  A will-o-the-wisp (Abyss:1)
  Maurice (D:8)
  2 black mambas (Lair:3)
  4 cane toads
  Psyche (D:9)
  An unseen horror (D:12)
  7 komodo dragons
  Maggie (Lair:1)
  3 rime drakes
  A tyrant leech (Lair:2)
  A hornet (D:8)
  2 polar bears (D:9)
  3 trolls
  4 raiju (Abyss:1)
  6 flying skulls (Abyss:1)
  3 shadows
  A wraith (D:12)
  26 yaks
  5 wyverns
  3 basilisks
  A steam dragon (D:7)
  A redback (Lair:3)
  5 vampire mosquitoes (D:12)
  A neqoxec (Abyss:1)
  6 swamp worms (Lair:2)
  7 water moccasins
  An acid dragon (D:11)
  3 orc warriors
  7 ice beasts
  2 black bears
  7 wolves
  5 centaurs
  4 kobold brigands
  10 bullfrogs
  4 scorpions
  A small abomination (Abyss:1)
  9 killer bees
  2 jellies
  2 hounds
  8 orc priests
  An iguana (D:7)
  13 orc wizards
  11 adders
  A gnoll (D:3)
  2 white imps
  2 ufetubi (D:6)
  6 worms
  3 dart slugs
  38 orcs
  8 bats
  6 endoplasms
  3 giant cockroaches
  10 hobgoblins
  4 quokkas
  8 ball pythons
  5 frilled lizards
  7 goblins
  27 kobolds
  4 rats
332 creatures vanquished.

Vanquished Creatures (others)
  8 foxfires (Abyss:1)
8 creatures vanquished.

Grand Total: 340 creatures vanquished

Notes
Turn   | Place    | Note
-------+----------+-------------------------------------------
     0 | D:1      | BritishOli the Demonspawn Fighter began the quest for the
                  | Orb.
     0 | D:1      | Reached XP level 1. HP: 18/18 MP: 1/1
   346 | D:1      | Gained mutation: You regenerate a little health from kills.
                  | [demonic ancestry]
   346 | D:1      | Reached XP level 2. HP: 21/24 MP: 2/2
   884 | D:2      | Gained mutation: You have sharp fingernails. [demonic
                  | ancestry]
   884 | D:2      | Reached XP level 3. HP: 29/29 MP: 3/3
  1702 | D:2      | Reached XP level 4. HP: 36/36 MP: 4/4
  2326 | D:3      | Found a shimmering blue altar of Sif Muna.
  2345 | D:3      | Reached skill level 4 in Fighting
  2378 | D:3      | Found a bloodstained altar of Trog.
  2384 | D:3      | Got Sif Muna's Tome of the Bonfire
  2505 | D:3      | Reached XP level 5. HP: 42/42 MP: 5/5
  2636 | D:3      | Identified the +0 pair of gloves of Inliyh {rF+ Dex+4}
  2847 | D:3      | Found an opulent altar of Gozag.
  2847 | D:3      | Found a burning altar of Makhleb.
  3192 | D:3      | Became a worshipper of Makhleb the Destroyer
  3224 | D:5      | Entered Level 5 of the Dungeon
  3258 | D:4      | Noticed a black bear
  3272 | D:4      | Killed a black bear
  3273 | D:4      | Reached XP level 6. HP: 18/49 MP: 6/6
  3390 | D:4      | Reached skill level 5 in Fighting
  3526 | D:4      | Gained mutation: You are partially covered in yellow
                  | scales. (AC +2) [demonic ancestry]
  3526 | D:4      | Reached XP level 7. HP: 35/56 MP: 7/7
  3749 | D:4      | Found a staircase to the Ecumenical Temple.
  3796 | D:4      | You fall into a shaft and drop 2 floors!
  3983 | D:6      | Reached * piety under Makhleb
  4276 | D:6      | Reached skill level 5 in Armour
  4484 | D:6      | Reached skill level 6 in Fighting
  5037 | D:7      | Noticed a steam dragon
  5048 | D:7      | Killed a steam dragon
  5049 | D:7      | Reached XP level 8. HP: 41/65 MP: 8/8
  5136 | D:7      | Reached skill level 5 in Axes
  5225 | D:7      | Reached skill level 7 in Fighting
  5290 | D:7      | Identified the +1 ring mail of the Equinox {Str+4}
  5640 | D:7      | Noticed a gargoyle
  5834 | D:8      | Reached ** piety under Makhleb
  5872 | D:8      | Reached skill level 8 in Fighting
  6031 | D:8      | Gained mutation: You are mostly covered in yellow scales.
                  | (AC +3) [demonic ancestry]
  6031 | D:8      | Reached XP level 9. HP: 75/75 MP: 9/9
  6107 | D:8      | Identified the +0 chain mail of Creativity {rN+ Dex+6}
  6128 | D:8      | Found a snail-covered altar of Cheibriados.
  6184 | D:8      | Noticed Maurice
  6188 | D:8      | Maurice stole 64 gold
  6190 | D:8      | Maurice stole 348 gold
  6420 | D:8      | Found an ornate altar of the Wu Jian Council.
  6620 | D:9      | Found a staircase to the Orcish Mines.
  6732 | D:8      | Killed Maurice
  6733 | D:8      | Reached skill level 9 in Fighting
  7014 | D:9      | Reached skill level 10 in Fighting
  7032 | D:9      | Got the Compilation of the Meadowlark
  7113 | D:9      | Found Mop Jotu's Antique Weapon Boutique.
  7121 | D:9      | Bought a glowing broad axe for 154 gold pieces
  7133 | D:9      | Noticed a polar bear
  7159 | D:9      | Killed a polar bear
  7160 | D:9      | Gained mutation: You have very sharp fingernails. [demonic
                  | ancestry]
  7160 | D:9      | Reached XP level 10. HP: 86/86 MP: 10/10
  7185 | D:9      | Found a hide-covered altar of Uskayaw.
  7290 | D:9      | Found an ancient bone altar of Kikubaaqudgha.
  7379 | D:9      | Noticed Psyche
  7431 | D:9      | Found a staircase to the Lair.
  7463 | D:9      | Killed Psyche
  7479 | D:9      | Reached skill level 11 in Fighting
  7767 | D:9      | Found a stormy altar of Qazlal.
  7851 | D:10     | Entered Level 10 of the Dungeon
  7938 | D:10     | Noticed a two-headed ogre
  7949 | D:10     | Killed a two-headed ogre
  7949 | D:10     | Reached *** piety under Makhleb
  8237 | D:10     | Found a sparkling altar of Nemelex Xobeh.
  8237 | D:10     | Found a transporter.
  8237 | D:10     | Noticed a cyclops
  8237 | D:10     | Noticed a boulder beetle
  8594 | Lair:1   | Entered Level 1 of the Lair of Beasts
  8619 | Lair:1   | Reached skill level 12 in Fighting
  8627 | Lair:1   | Reached XP level 11. HP: 92/95 MP: 11/11
  8876 | Lair:1   | Noticed Maggie
  8882 | Lair:1   | Killed Maggie
  8947 | Lair:1   | Reached **** piety under Makhleb
  8948 | Lair:1   | Reached skill level 13 in Fighting
  9399 | Lair:2   | Got the Exposition on the Loathsome Wyrd
  9461 | Lair:2   | Found a staircase to the Swamp.
  9463 | Lair:2   | Noticed a catoblepas
  9466 | Lair:2   | Reached skill level 1 in Dodging
  9513 | Lair:2   | Killed a catoblepas
  9898 | Lair:2   | Identified the +0 cloak of Dishonour {-Cast *Slow rElec
                  | rC+++}
  9957 | Lair:2   | You fall into a shaft and drop 1 floor!
  9958 | Lair:3   | Found a runed translucent door.
  9979 | Lair:3   | Reached XP level 12. HP: 105/105 MP: 12/12
 10111 | Lair:3   | Found a hole to the Spider Nest.
 10230 | Lair:3   | Noticed Tyvach's ghost (journeyman FoFi)
 10277 | Lair:3   | Noticed a four-headed hydra
 10288 | Lair:3   | Reached skill level 10 in Armour
 10296 | Lair:3   | Noticed a five-headed hydra
 10309 | Lair:3   | Killed an eight-headed hydra
 10403 | Lair:3   | Reached skill level 10 in Axes
 10883 | D:11     | Noticed a centaur warrior
 10946 | D:10     | Killed a centaur warrior
 11020 | D:11     | Reached skill level 14 in Fighting
 11137 | D:11     | Reached ***** piety under Makhleb
 11745 | D:12     | Noticed a boulder beetle
 11772 | D:12     | Killed a boulder beetle
 11857 | D:12     | Found Bejiekk's Assorted Antiques.
 11862 | D:12     | Bought a scroll of teleportation for 102 gold pieces
 11862 | D:12     | Bought a potion of might for 136 gold pieces
 12016 | D:12     | Noticed Erolcha
 12047 | Abyss:1  | Cast into level 1 of the Abyss (Erolcha)
 12146 | Abyss:1  | Found a corrupted altar of Lugonu.
 12174 | Abyss:1  | Noticed a brown very ugly thing
 12174 | Abyss:1  | Noticed a cyan very ugly thing
 12174 | Abyss:1  | Noticed an ironbound thunderhulk
 12185 | Abyss:1  | Noticed a cyan very ugly thing
 12185 | Abyss:1  | Noticed a green very ugly thing
 12185 | Abyss:1  | Noticed a brown very ugly thing
 12195 | Abyss:1  | Noticed a brown very ugly thing
 12195 | Abyss:1  | Noticed a green very ugly thing
 12275 | Abyss:1  | Gained mutation: You are vulnerable to heat. (rF-) [a
                  | neqoxec]
 12301 | Abyss:1  | Noticed a rakshasa
 12314 | Abyss:1  | Reached XP level 13. HP: 17/114 MP: 13/13
 12317 | Abyss:1  | Killed from afar by a smoke demon (illusionary)

Illustrated notes

Levels and vault maps discovered:
D:1:      dpeg_arrival_chambers_temple_mockup, layout_basic,
          minmay_misc_feat_ornament
D:2:      layout_basic, palyth_stone_intersect, minmay_strange_pillars
D:3:      minmay_razor_zed, layout_basic, nzn_overflow_gifts_of_might_and_magic,
          gammafunk_temple_overflow_elements
D:4:      layout_gridville, minmay_temple_entry_slanted,
          nicolae_concentric_dashed_squares_wild, minmay_pentomino_pile
D:5:      layout_loops_ring, riverfiend_overflow_shadow_ancestor,
          serial_demonic, serial_demonic_a, serial_demonic_g, serial_demonic_d,
          serial_demonic_g, uniq_crazy_yiuf_cottage
D:6:      layout_cave_pods, amcnicky_altar_gilded
D:7:      layout_cave_pods
D:8:      layout_loops_ring, mainiacjoe_overflow_small_starburst,
          mainiacjoe_overflow_alcove_2, pdpol_wu_jian_five_deadly_venoms,
          uniq_maurice
D:9:      layout_layer_cave, nicolae_uskayaw_murder_on_the_dancefloor,
          lemuel_crystal_altar, mainiacjoe_overflow_brackets,
          hellmonk_lair_entry_icy, orc_0_dummy, serial_shops,
          nicolae_shop_dealshenge, uniq_psyche
D:10:     layout_basic, grunt_nemelex_the_gamble, minivault_25_ag
D:11:     layout_stronghold
D:12:     layout_loops_cross, serial_shops, shop, uniq_erolcha
Lair:1:   layout_misc_corridors, grunt_megastairs_2, uniq_maggie
Lair:2:   layout_roguey, minmay_swamp_entry_worms
Lair:3:   nzn_winding_woodlands_three_and_one [nzn_winding_woodlands_5x15_cabin,
          nzn_winding_woodlands_5x15_concentric,
          nzn_winding_woodlands_5x15_split_checker,
          nzn_winding_woodlands_center_diamonds], layout_regular_city,
          spider_nest_entry_rubble, ebering_ghost_reflecting_pool
Abyss:1:  base:
D:14

Skill      XL: |  1  2  3  4  5  6  7  8  9 10 11 12 |
---------------+-------------------------------------+-----
Axes           | 2 3 4 5 7 8 9 10 | 10.8
Shields        | 3 |  3.0
Armour         | 3 4 5 6 7 8 9 11 | 11.0
Fighting       | 4 5 6 8 10 12 13 14 | 14.5
Dodging        | 2 4 |  4.2

Action                     |  1- 3 |  4- 6 |  7- 9 | 10-12 | 13-15 || total
---------------------------+-------+-------+-------+-------+-------++-------
  Melee: War axe           |    98 |   138 |   376 |       |       ||   612
         Broad axe         |       |       |    12 |   639 |       ||   651
  Evoke: Wand              |       |       |    22 |    11 |       ||    33
    Use: Potion            |       |       |     3 |     3 |       ||     6
         Scroll            |       |       |     6 |    11 |       ||    17
   Stab: Invisible         |       |       |     2 |     1 |       ||     3
         Petrified         |       |       |       |     9 |       ||     9
         Petrifying        |       |       |       |     1 |       ||     1
 Armour: Scale mail        |    65 |   133 |   130 |       |       ||   328
         Plate armour      |       |       |    47 |       |       ||    47
         Ring mail         |       |       |   123 |       |       ||   123
         Chain mail        |       |       |     8 |   597 |     1 ||   606
  Dodge: Dodged            |    27 |    89 |   270 |   498 |       ||   884
  Block: Buckler           |    14 |    46 |   113 |   216 |       ||   389

Table legend: (Time is in decaauts)
 A = Elapsed time spent in this place.
 B = Non-inter-level travel time spent in this place.
 C = Inter-level travel time spent in this place.
 D = Time resting spent in this place.
 E = Time spent auto-exploring this place.
 F = Levels seen in this place.
 G = Mean time per level.
                   A        B        C        D        E       F      G
               +--------+--------+--------+--------+--------+-----+--------+
         Total |  12667 |  12122 |    545 |    944 |   8157 |  16 |  791.7 |
       Dungeon |  10088 |   9619 |    469 |    660 |   6930 |  12 |  840.7 |
          Lair |   2301 |   2225 |     76 |    242 |   1143 |   3 |  767.0 |
         Abyss |    277 |    277 |      0 |     42 |     84 |   1 |  277.0 |
               +--------+--------+--------+--------+--------+-----+--------+

Top non-repeatable levels by time:
     D:3: 1456 daAuts
     D:6: 1318 daAuts
     D:8: 1204 daAuts
  Lair:2: 1006 daAuts
     D:9: 994 daAuts
     D:2: 989 daAuts
    D:10: 865 daAuts
     D:1: 843 daAuts
  Lair:1: 786 daAuts
     D:7: 708 daAuts
    D:11: 684 daAuts
     D:4: 601 daAuts
  Lair:3: 508 daAuts
    D:12: 420 daAuts
 Abyss:1: 277 daAuts
